 Dungeon Crawl Stone Soup version 0.20.1-1-g8b1a95d (console) character file.

74 hilaritas the Chiller (level 4, -3/30 HPs)
             Began as a Barachi Ice Elementalist on Aug 28, 2017.
             Slain by a hobgoblin
             ... wielding a +0 club
              (5 damage)
             ... on level 3 of the Dungeon.
             The game lasted 00:05:31 (2649 turns).

hilaritas the Chiller (Barachi Ice Elementalist)    Turns: 2649, Time: 00:05:32

Health: -3/30      AC:  7    Str: 10    XL:     4   Next: 30%
Magic:  0/8        EV: 12    Int: 16    God:
Gold:   72         SH:  0    Dex: 12    Spells: 3/9 levels left

rFire    . . .     SeeInvis .   e - +0 club
rCold    . . .     Gourm    .   (no shield)
rNeg     . . .     Faith    .   a - +0 robe
rPois    .         Spirit   .   (no helmet)
rElec    .         Reflect  .   (no cloak)
rCorr    .         Harm     .   (no gloves)
MR       .....                  (no boots)
Stlth    ++........             (no amulet)
Regen    0.1/turn               (no ring)
MPRegen  0.2/turn               (no ring)

@: icy armour, very slow
A: +LOS, swims, slowness 1, strong legs 1
a: Hop


You were on level 3 of the Dungeon.
You were not hungry.

You visited 1 branch of the dungeon, and saw 3 of its levels.

You collected 72 gold pieces.

Inventory:

Hand Weapons
 e - a +0 club (weapon)
Missiles
 d - 19 arrows
 h - 67 stones (quivered)
Armour
 a - a +0 robe (worn)
 t - a +0 hat
Scrolls
 g - 2 scrolls of teleportation {unknown}
 i - 2 scrolls of remove curse {unknown}
 j - 2 scrolls of identify {unknown}
 m - 2 scrolls of immolation {unknown}
 n - a scroll of recharging {unknown}
 o - a scroll of magic mapping {unknown}
 q - a scroll of enchant weapon {unknown}
Potions
 f - a potion of curing
 p - a potion of haste {unknown}
 s - 2 potions of brilliance {unknown}
Books
 b - a book of Frost

   Spells                             Type                      Level
   a - Freeze                         Ice                          1
   b - Throw Frost                    Conjuration/Ice              2
   c - Ozocubu's Armour               Charms/Ice                   3
   d - Throw Icicle                   Conjuration/Ice              4
   e - Summon Ice Beast               Ice/Summoning                4
Comestibles
 c - 4 bread rations
 k - 2 royal jellies
 l - a meat ration
 r - a fruit


   Skills:
 - Level 2.1 Dodging
 - Level 1.7 Stealth
 * Level 3.1 Spellcasting
 - Level 2.0 Conjurations
 - Level 5.0 Ice Magic


You had 3 spell levels left.
You knew the following spells:

 Your Spells              Type           Power        Failure   Level  Hunger
a - Freeze                Ice            ###.         2%          1    None
b - Throw Frost           Conj/Ice       ##....       7%          2    ##.....
c - Ozocubu's Armour      Chrm/Ice       ##......     21%         3    ###....


Dungeon Overview and Level Annotations

Branches:
Dungeon (3/15)

Altars:
Qazlal

Annotations:
D:3 polve's ghost, amateur TeBe


Innate Abilities, Weirdness & Mutations

Shadows flee at your approach. (+LOS)
You can swim through water.
You cover ground slowly.
You can hop short distances.


Message History

Aiming: Freeze
Press: ? - help, Shift-Dir - straight line, f/p - polve's ghost
Aim: polve's ghost (severely damaged)
You freeze polve's ghost.
Polve's ghost is severely damaged.
The hobgoblin closely misses you.
Polve's ghost hits you but does no damage.
It was a potion of curing.
You feel better. Polve's ghost misses you. The hobgoblin hits you with a club.
You hit polve's ghost.
Polve's ghost is almost destroyed.
Polve's ghost hits you but does no damage.
The hobgoblin hits you but does no damage.
Polve's ghost hits you but does no damage.
You hit polve's ghost but do no damage.
Polve's ghost is almost destroyed.
The hobgoblin hits you with a club. Polve's ghost hits you!
* * * LOW HITPOINT WARNING * * *
The hobgoblin hits you with a club.
You die...

#.......##......##.#
##..........##......#
.......).....# .......
.............##.......
...................#.
#.....#............#
#.....#............#.#
+.........(...g.......
#≈≈.≈≈#......@.......#
#g≈.≈g#.##...W.......#
≈.≈ #. #............
.8. #. ####.........
....#..... ........#.
.....#### .......
##....##


You could see polve's ghost and a hobgoblin.

Vanquished Creatures
  An adder (D:2)
  An ooze (D:1)
  3 dart slugs (D:1)
  A leopard gecko (D:2)
  4 bats
  5 giant cockroaches
  6 goblins
  4 hobgoblins
  5 jackals
  8 kobolds
  2 ball pythons
  3 frilled lizards
  6 rats
49 creatures vanquished.

Notes
Turn   | Place    | Note
-------+----------+-------------------------------------------
     0 | D:1      | hilaritas the Barachi Ice Elementalist began the quest for the Orb.
     0 | D:1      | Reached XP level 1. HP: 13/13 MP: 3/3
   219 | D:1      | Reached skill level 4 in Ice Magic
   264 | D:1      | Reached XP level 2. HP: 11/19 MP: 0/5
   283 | D:1      | Learned a level 2 spell: Throw Frost
   812 | D:1      | Reached XP level 3. HP: 17/24 MP: 3/6
  1067 | D:1      | Reached skill level 5 in Ice Magic
  1239 | D:1      | Learned a level 3 spell: Ozocubu's Armour
  1895 | D:2      | Reached XP level 4. HP: 22/30 MP: 1/8
  2183 | D:2      | Found a stormy altar of Qazlal.
  2625 | D:3      | Noticed polve's ghost (amateur TeBe)
  2649 | D:3      | Slain by a hobgoblin

Skill      XL: |  1  2  3  4 |
---------------+-------------+-----
Ice Magic      | 4 5 |  5.0
Conjurations   | 2 |  2.0
Spellcasting   | 3 |  3.1
Dodging        | |  2.1
Stealth        | |  1.7

Action                   |  1- 3 |  4- 6 || total
-------------------------+-------+-------++-------
Melee: Club              |    17 |    10 ||    27
 Cast: Freeze            |    52 |    26 ||    78
       Ozocubu's Armour  |       |     1 ||     1
  Use: Potion            |       |     1 ||     1
  Eat: Chunk             |     4 |     3 ||     7
Armor: Robe              |     9 |    15 ||    24
Dodge: Dodged            |    41 |    26 ||    67
